 Dungeon Crawl Stone Soup version 0.21-a0-633-g4c047d5 (webtiles) character file.

117761 Monsterracer the Black Belt (level 16, -11/140 HPs)
             Began as a Red Draconian Transmuter on Dec 28, 2017.
             Was the Champion of Okawaru.
             Mangled by an anaconda (13 damage)
             ... on level 1 of the Snake Pit.
             The game lasted 01:47:19 (35238 turns).

Monsterracer the Black Belt (DrTm)                 Turns: 35238, Time: 01:47:20

Health: -11/140    AC: 16    Str: 16    XL:     16   Next: 23%
Magic:  19/25      EV: 14    Int: 19    God:    Okawaru [******]
Gold:   2756       SH:  0    Dex: 13    Spells: 1/27 levels left

rFire    + . .     SeeInvis +     - Unarmed
rCold    . . .     Gourm    .   (shield currently unavailable)
rNeg     . . .     Faith    .   (armour unavailable)
rPois    +         Spirit   .   e - +2 hat
rElec    +         Reflect  .   J - +1 cloak of Springtime {rElec SInv}
rCorr    .         Harm     .   (gloves currently unavailable)
MR       ++...                  m - +2 pair of boots
Stlth    +++.......             O - amulet of regeneration
HPRegen  0.73/turn              H - ring "Pusereim" {MR+ Str+3 Int+2}
MPRegen  0.19/turn              B - ring of poison resistance {!d}

@: lethally poisoned (-11 -> -18), blade hands, very slightly contaminated,
constricted
A: breathe fire, unfitting armour, dopey 1, fire resistance 1, cold-blooded, AC
+9
a: Breathe Fire, End Transformation, Heroism, Finesse, Renounce Religion


You were on level 1 of the Snake Pit.
You worshipped Okawaru.
Okawaru was exalted by your worship.
You were hungry.
You had blades for hands.
You visited 5 branches of the dungeon, and saw 25 of its levels.
You also visited: Labyrinth, Ossuary and Ice Cave.

You collected 2756 gold pieces.

Inventory:

Missiles
 a - 528 arrows
 k - 3 throwing nets (quivered) {!f}
Armour
 e - a +2 hat (worn)
 m - a +2 pair of boots (worn)
 I - a scarf of cloud immunity
 J - the +1 cloak of Springtime (worn) {rElec SInv}
   (Okawaru gifted it to you on level 8 of the Dungeon)

   It insulates you from electricity.
   It lets you see invisible.
 M - the +2 shield of Resistance {rF+ rC+ MR+}
   (Okawaru gifted it to you on level 6 of the Lair of Beasts)

   It protects you from fire.
   It protects you from cold.
   It affects your resistance to hostile enchantments.
 N - the +0 pair of gloves of Kealo (melded) {rC+ Int+4}
   (Okawaru gifted it to you on level 10 of the Dungeon)

   It affects your intelligence (+4).
   It protects you from cold.
 U - a scarf of resistance
 Z - the +3 buckler of Valour (melded) {rC+}
   (You found it in a labyrinth)

   It protects you from cold.
Magical Staves
 b - an uncursed staff of wizardry {!a}
 w - an uncursed staff of power {!a}
Jewellery
 l - an uncursed ring of fire
 B - a ring of poison resistance (right scythe-like blade) {!d}
 H - the ring "Pusereim" (left scythe-like blade) {MR+ Str+3 Int+2}
   (You found it on level 7 of the Dungeon)

   [ring of strength]

   It affects your strength (+3).
   It affects your intelligence (+2).
   It affects your resistance to hostile enchantments.
 O - an amulet of regeneration (around neck)
 T - an uncursed ring of protection from cold {!d}
 W - an uncursed ring of wizardry
Wands
 q - a wand of digging (28)
 F - a wand of enslavement (23)
 G - a wand of paralysis (19)
 S - a wand of scattershot (10)
 V - a wand of iceblast (18)
 X - a wand of polymorph (8)
Scrolls
 f - 6 scrolls of blinking
 s - 15 scrolls of identify
 t - 6 scrolls of amnesia
 v - 8 scrolls of remove curse
 y - 5 scrolls of teleportation
 A - 3 scrolls of fog
 D - 4 scrolls of enchant armour
 E - 3 scrolls of magic mapping {!r}
 K - a scroll of fear {!r}
Potions
 d - 5 potions of heal wounds
 g - 2 potions of agility
 h - 3 potions of flight
 i - 5 potions of haste
 j - 5 potions of curing
 o - a potion of resistance
 p - 8 potions of lignification
 u - 4 potions of brilliance
 x - 4 potions of invisibility
 z - a potion of magic
 C - 3 potions of berserk rage {!q}
 P - a potion of ambrosia {!q}
 Q - 2 potions of cancellation
 R - a potion of might
Comestibles
 c - 20 rations


   Skills:
 + Level 12.3 Fighting
 + Level 9.2 Dodging
 - Level 7.0 Stealth
 + Level 7.3 Shields
 * Level 16.3 Unarmed Combat
 - Level 6.0 Spellcasting
 + Level 1.7 Charms
 - Level 2.0 Summonings
 - Level 5.0 Translocations
 - Level 10.0 Transmutations
 - Level 2.0 Ice Magic
 + Level 4.3 Air Magic
 - Level 10.0 Invocations
 - Level 4.0 Evocations


You had one spell level left.
You knew the following spells:

 Your Spells              Type           Power        Failure   Level  Hunger
a - Ice Form              Ice/Tmut       ####....     45%         4    ####...
b - Sticks to Snakes      Tmut           #####...     10%         2    None
d - Blade Hands           Tmut           #####.....   32%         5    #####..
e - Blink                 Tloc           N/A          22%         2    None
f - Lesser Beckoning      Tloc           ###.......   30%         3    ##.....
v - Summon Butterflies    Summ           ##......     32%         1    None
x - Passwall              Tmut/Erth      ###.......   22%         2    None
y - Deflect Missiles      Chrm/Air       ###.......   100%        6    #######
z - Apportation           Tloc           ###...       17%         1    None


Dungeon Overview and Level Annotations

Branches:
Dungeon (15/15)            Temple (1/1) D:4            Lair (6/6) D:9
 Shoals (0/4) Lair:2        Snake (1/4) Lair:3        Slime (0/5) Lair:5
    Orc (2/2) D:11            Elf (0/3) Orc:2        Vaults (0/5) D:14
 Depths (0/5) D:15

Altars:
Ashenzari
Cheibriados
Dithmenos
Elyvilon
Fedhas
Gozag
Hepliaklqana
Kikubaaqudgha
Makhleb
Nemelex Xobeh
Okawaru
Qazlal
Ru
Sif Muna
Trog
Uskayaw
Vehumet
Wu Jian
Xom
Yredelemnul
Zin
The Shining One

Shops:
D:7 }}(   D:14 =   Orc:1 (   Orc:2 [(%%

Annotations:
D:12 exclusion: 4 tormentors
Lair:6 exclusion: 2 oklob plants


Innate Abilities, Weirdness & Mutations

You can breathe blasts of fire.
Your fiery red scales are hard. (AC +9)
You cannot fit into any form of body armour.
Your flesh is heat resistant. (rF+)
You are cold-blooded and may be slowed by cold attacks.
You are dopey. (Int -2)


Message History

The splash of poison hits you! You resist.
You now have 20/25 mp.
You slice the anaconda!!
The anaconda is heavily wounded.
You hear an angry hiss. x2
The anaconda closely misses you.
The anaconda barely misses you. 2 black mambas come into view.
The black mamba hisses angrily.
You hit the anaconda but do no damage.
The anaconda is heavily wounded.
The anaconda completely misses you. The anaconda closely misses you.
The naga spits poison at you. The splash of poison hits you! You resist.
The naga mage spits poison at you. The splash of poison misses you.
The anaconda barely misses you.
The anaconda bites you but does no damage.
You hit the anaconda. You slash the anaconda.
The anaconda is severely wounded.
The anaconda grabs you. The anaconda bites you! The anaconda constricts you.
A black mamba comes into view.
You take 17 damage, and have 123/140 hp.
You slice the anaconda!!
The anaconda is almost dead.
The anaconda misses you. The anaconda constricts you.
The naga hits you but does no damage.
You miss the anaconda. You tail-slap the anaconda.
The anaconda is almost dead.
The anaconda bites you. The anaconda constricts you.
The naga mage casts a spell at you. The poison arrow hits you!
You are poisoned.
The anaconda bites you. The anaconda constricts you.
You take 10 damage, and have 113/140 hp.
You escape the anaconda's grasp.
You feel sick.
The black mamba bites you but does no damage.
The black mamba closely misses you.
The naga mage gestures wildly while chanting.
The naga mage seems to speed up.
The naga spits poison at you. The splash of poison hits you! You resist.
The black mamba closely misses you. The anaconda grabs you.
You stop ascending the stairs.
The anaconda bites you! The anaconda constricts you. The black mamba bites you!
You take 20 damage, and have 93/140 hp.
You escape the anaconda's grasp.
You feel sick.
The black mamba bites you but does no damage.
The black mamba closely misses you. The black mamba bites you.
The black mamba closely misses you. The naga hits you with a battleaxe!
The naga grabs you.
You stop ascending the stairs.
The naga constricts you.
The anaconda bites you but does no damage.
The black mamba bites you but does no damage.
You take 19 damage, and have 74/140 hp.
The naga's grasp on you weakens, but your attempt to escape fails.
The black mamba completely misses you. The black mamba closely misses you.
The anaconda barely misses you. The black mamba bites you!!
* * * LOW HITPOINT WARNING * * *
The black mamba misses you.
The black mamba bites you but does no damage.
The naga barely misses you. The naga constricts you.
The anaconda closely misses you. The black mamba misses you.
The naga mage misses you.
A naga comes into view. It is wielding a scimitar.
You take 18 damage, and have 56/140 hp.
Okay, then.
Casting: Blade Hands
Confirm with . or Enter, or press ? or * to list all spells.
You miscast Blink.
You are very lightly contaminated with residual magic.
Nothing appears to happen.
You feel sick. The black mamba bites you.
* * * LOW HITPOINT WARNING * * *
The black mamba bites you!
* * * LOW HITPOINT WARNING * * *
The anaconda bites you but does no damage.
The black mamba bites you.
* * * LOW HITPOINT WARNING * * *
You are more poisoned.
The black mamba poisons you! The black mamba completely misses you.
The naga mage gestures at you while chanting.
You resist with almost no effort. The black mamba bites you!
* * * LOW HITPOINT WARNING * * *
The anaconda bites you but does no damage.
The naga barely misses you.
* * * LOW HITPOINT WARNING * * *
The naga constricts you.
You take 29 damage, and have 27/140 hp.
MASSIVE DAMAGE!!
You now have 19/25 mp.
Unknown command.
Really read
K - 2 scrolls of fear {!r}?
As you read the scroll of fear {!r}, it crumbles to dust.
You assume a fearsome visage.
The black mamba resists with some effort.
The black mamba looks frightened!
The anaconda resists with some effort.
The naga mage easily resists.
The naga mage looks frightened!
The naga looks frightened! x2; The black mamba looks frightened!
The naga looks frightened!
You feel sick. The black mamba bites you!
* * * LOW HITPOINT WARNING * * *
The anaconda bites you but does no damage.
The naga mage closely misses you. The black mamba bites you!
* * * LOW HITPOINT WARNING * * *
The naga mage casts a spell.
The naga mage seems to speed up.
The anaconda bites you!
You die...

.# ..## >.#
#..# #..###..#
#
#...?..####.##
##.S...>.S...#
.#.............
..%..........[.
......N@S......
N......NS....##
###..N.N...###
##......##
#....^##
#.....# #.$...#
##.....


You could see an anaconda, 3 black mambas, 2 naga magi and 3 nagas.

Vanquished Creatures
  Saint Roka (Orc:1)
  Donald (Orc:2)
  A frost giant (IceCv)
  An orc warlord (D:11)
  Nessos (Orc:2)
  A minotaur (Lab)
  6 hydras
  A centaur warrior (D:15)
  8 vault guards (D:14)
  A merfolk avatar (Lair:6)
  15 two-headed ogres
  4 death knights
  The ghost of kibaces the Fighter, a journeyman GrBe of Trog (D:11)
  A tengu warrior (D:15)
  An ogre mage (D:15)
  A death yak (IceCv)
  4 orc high priests
  A deep elf knight (Orc:1)
  8 skeletal warriors
  An unseen horror (D:15)
  2 sea snakes (Lair:6)
  A harpy (Lair:6)
  3 wizards (D:15)
  5 orc knights
  3 deep elf magi (Orc:1)
  8 orc sorcerers
  A lindwurm (Lair:5)
  4 manticores
  7 ugly things
  An oklob plant (Lair:6)
  The ghost of wazuzu the Spear-Bearer, a novice DsGl of Hepliaklqana (D:5)
  17 elephants (Lair:6)
  2 cyclopes
  3 centaur zombies
  3 gargoyles
  A torpor snail (Lair:3)
  12 spiny frogs
  3 black mambas
  6 rime drakes
  3 centaur skeletons
  6 komodo dragons
  A yaktaur (D:15)
  A kobold demonologist (D:13)
  4 meliai
  2 wind drakes (Lair:6)
  A tengu conjurer (D:15)
  2 hornets (Lair:6)
  Prince Ribbit (D:6)
  13 trolls
  18 polar bears
  13 dream sheep
  Grinder (D:3)
  4 blink frogs (Lair:6)
  10 hippogriffs
  A vampire (D:13)
  5 wraiths
  2 shadows
  A redback (Lab)
  61 yaks
  2 basilisks
  3 wyverns
  A human (D:8)
  2 hungry ghosts
  4 hogs (D:8)
  The ghost of Potsanchik the Vexing, an amateur HuAM (D:4)
  2 steam dragons (D:11)
  Menkaure (D:6)
  7 vampire mosquitoes
  7 nagas (Lair:3)
  3 wargs (Orc:1)
  16 water moccasins
  Duvessa (D:4)
  8 porcupines
  4 phantoms
  A hornet zombie (D:7)
  An eye of draining (D:15)
  2 sky beasts
  4 black bears
  22 orc warriors
  A necrophage (D:11)
  12 ogres
  23 wolves
  15 centaurs
  15 crocodiles
  22 bullfrogs
  4 big kobolds
  A wyvern zombie (D:14)
  Dowan (D:4)
  3 scorpions
  4 wights (D:13)
  7 howler monkeys
  An electric eel (Lair:2)
  13 crimson imps
  A bullfrog zombie (D:7)
  4 jellies
  6 hounds
  19 orc priests
  A bullfrog skeleton (D:7)
  16 orc wizards
  Ijyb (D:5)
  10 worker ants
  An ogre skeleton (Lab)
  3 hound zombies
  11 mummies (Ossuary)
  4 gnolls (D:3)
  A howler monkey skeleton (D:11)
  9 adders
  4 shadow imps
  12 white imps (D:12)
  4 adder zombies
  4 worms
  3 dart slugs
  69 orcs
  4 giant cockroaches
  5 goblins
  10 hobgoblins
  10 jackals
  4 quokkas
  3 ball pythons
  7 bats
  2 frilled lizards
  2 gnoll skeletons (Ossuary)
  2 goblin skeletons (Ossuary)
  23 kobolds
  3 kobold skeletons (Ossuary)
  An orc skeleton (Ossuary)
  2 quokka zombies (D:6)
  7 rats
  11 rat skeletons (Ossuary)
  2 rat zombies (D:7)
787 creatures vanquished.

Vanquished Creatures (others)
  5 polar bears (IceCv)
  A wolf (IceCv)
  An orc priest (Orc:2)
  28 fungi
  40 plants
75 creatures vanquished.

Grand Total: 862 creatures vanquished

Notes
Turn   | Place    | Note
-------+----------+-------------------------------------------
     0 | D:1      | Monsterracer the Draconian Transmuter began the quest for the Orb.
     0 | D:1      | Reached XP level 1. HP: 16/16 MP: 3/3
   308 | D:1      | Reached XP level 2. HP: 23/23 MP: 1/5
   312 | D:1      | Learned a level 2 spell: Sticks to Snakes
  1176 | D:2      | Noticed a bullfrog
  1186 | D:2      | Killed a bullfrog
  1186 | D:2      | Reached skill level 4 in Unarmed Combat
  1186 | D:2      | Reached XP level 3. HP: 28/28 MP: 1/6
  1186 | D:2      | Reached XP level 4. HP: 34/35 MP: 1/7
  1440 | D:2      | Learned a level 3 spell: Spider Form
  1941 | D:2      | Found a deep blue altar of Sif Muna.
  2176 | D:3      | Found a shattered altar of Ashenzari.
  2183 | D:3      | Noticed Grinder
  2195 | D:3      | Killed Grinder
  2195 | D:3      | Reached skill level 5 in Unarmed Combat
  2195 | D:3      | Reached XP level 5. HP: 40/40 MP: 1/8
  2195 | D:3      | Reached XP level 6. HP: 47/47 MP: 1/9
  2301 | D:3      | Reached skill level 6 in Unarmed Combat
  3105 | D:4      | Found a staircase to the Ecumenical Temple.
  3236 | Temple   | Entered the Ecumenical Temple
  3336 | Temple   | Became a worshipper of Warmaster Okawaru
  3561 | D:4      | Noticed Duvessa
  3563 | D:4      | Noticed Dowan
  3879 | D:4      | Noticed Potsanchik's ghost (amateur HuAM)
  3896 | D:4      | Reached skill level 1 in Invocations
  3896 | D:4      | Your scales start taking on a fiery red colour.
  3896 | D:4      | Reached XP level 7. HP: 55/55 MP: 6/10
  3896 | D:4      | Gained mutation: Your flesh is heat resistant. (rF+) [Red Draconian growth]
  3903 | D:4      | Learned a level 5 spell: Blade Hands
  3982 | D:4      | Killed Potsanchik's ghost
  3982 | D:4      | Reached skill level 7 in Unarmed Combat
  4052 | D:4      | Killed Duvessa
  4085 | D:4      | Killed Dowan
  4085 | D:4      | Reached * piety under Okawaru
  4453 | D:5      | Entered Level 5 of the Dungeon
  4543 | D:5      | Found a sacrificial altar of Ru.
  4550 | D:5      | Found a hazy altar of Hepliaklqana.
  4608 | D:5      | HP: 19/56 [orc priest/divine providence (15)]
  4613 | D:5      | HP: 14/57 [shadow imp (6)]
  4751 | D:5      | Noticed wazuzu's ghost (novice DsGl)
  5125 | D:5      | Noticed Ijyb
  5138 | D:5      | Killed Ijyb
  5138 | D:5      | Reached XP level 8. HP: 63/63 MP: 11/11
  5467 | D:5      | HP: 22/63 [wazuzu's ghost (13)]
  5468 | D:5      | HP: 9/63 [wazuzu's ghost (13)]
  5961 | D:5      | HP: 28/63 [wazuzu's ghost (7)]
  5967 | D:5      | HP: 16/63 [wazuzu's ghost (7)]
  5973 | D:5      | HP: 16/63 [wazuzu's ghost (1)]
  5975 | D:5      | Killed wazuzu's ghost
  5975 | D:5      | Reached ** piety under Okawaru
  5975 | D:5      | Reached skill level 8 in Unarmed Combat
  6605 | D:6      | Reached skill level 5 in Transmutations
  6785 | D:6      | Noticed Prince Ribbit
  6795 | D:6      | HP: 26/66 [Prince Ribbit (13)]
  6797 | D:6      | Killed Prince Ribbit
  7220 | D:6      | Reached XP level 9. HP: 72/72 MP: 12/12
  7327 | D:6      | Noticed Menkaure
  7330 | D:6      | Killed Menkaure
  7644 | D:7      | Found Gaquqi Mish's Gadget Boutique.
  7838 | D:7      | Found a sand-covered staircase.
  7845 | Ossuary  | Entered an ossuary
  8360 | Ossuary  | Reached skill level 9 in Unarmed Combat
  8555 | D:7      | Found a snail-covered altar of Cheibriados.
  8590 | D:7      | Reached *** piety under Okawaru
  8608 | D:7      | Reached skill level 5 in Fighting
  8653 | D:7      | Got a scorched mace
  8858 | D:7      | Found Huasox's Antique Weapon Emporium.
  8905 | D:7      | Found a sparkling altar of Nemelex Xobeh.
  8912 | D:7      | Found Vaumy's Gadget Boutique.
  9136 | D:7      | Reached skill level 5 in Invocations
  9474 | D:7      | Noticed a two-headed ogre
  9496 | D:7      | Killed a two-headed ogre
  9496 | D:7      | Reached **** piety under Okawaru
  9522 | D:7      | Reached XP level 10. HP: 62/83 MP: 14/14
  9688 | D:7      | Reached skill level 10 in Unarmed Combat
  9786 | D:7      | Got a transparent hand axe
  9817 | D:7      | Got a pitted tin ring
  9818 | D:7      | Identified the ring "Pusereim" {MR+ Str+3 Int+2} (You found it on level 7 of the Dungeon)
  9828 | D:7      | Identified the +3 mace "Killer Bee's Foe" {venom, rN+ Dex+3} (You found it on level 7 of the Dungeon)
  9842 | D:7      | Identified the +12 hand axe of Wisdom {protect, Fragile rPois rN+++ Str+3} (You found it on level 7 of the Dungeon)
 10118 | D:8      | Noticed a two-headed ogre
 10126 | D:8      | Killed a two-headed ogre
 10126 | D:8      | Reached ***** piety under Okawaru
 10544 | D:8      | Received a gift from Okawaru
 10547 | D:8      | Got a pitted cloak {god gift}
 10558 | D:8      | Identified the +1 cloak of Springtime {rElec SInv} (Okawaru gifted it to you on level 8 of the Dungeon)
 10754 | D:9      | Noticed a two-headed ogre
 10767 | D:9      | Killed a two-headed ogre
 10797 | D:8      | Learned a level 4 spell: Ice Form
 11076 | D:9      | HP: 35/84 [crocodile (16)]
 11606 | D:9      | Noticed a two-headed ogre
 11610 | D:9      | HP: 39/84 [two-headed ogre/giant club (15)]
 11614 | D:9      | Killed a two-headed ogre
 11614 | D:9      | Reached skill level 11 in Unarmed Combat
 11614 | D:9      | Reached XP level 11. HP: 33/92 MP: 16/16
 11618 | D:9      | Learned a level 2 spell: Blink
 11913 | D:9      | Found a staircase to the Lair.
 11928 | D:9      | Noticed a two-headed ogre
 11935 | D:9      | Killed a two-headed ogre
 12366 | D:9      | Found a shadowy altar of Dithmenos.
 12381 | D:9      | Noticed a two-headed ogre
 12388 | D:9      | Killed a two-headed ogre
 12388 | D:9      | HP: 41/92 [centaur/arrow (11)]
 12633 | D:9      | Found a basalt altar of Yredelemnul.
 12981 | D:10     | Entered Level 10 of the Dungeon
 13241 | D:10     | Received a gift from Okawaru
 13244 | D:10     | Got a pair of faintly humming gloves {god gift}
 13250 | D:10     | Identified the +0 pair of gloves of Kealo {rC+ Int+4} (Okawaru gifted it to you on level 10 of the Dungeon)
 14256 | Lair:1   | Entered Level 1 of the Lair of Beasts
 14295 | Lair:1   | Reached skill level 10 in Transmutations
 14296 | Lair:1   | Noticed a six-headed hydra
 14348 | Lair:1   | Killed a six-headed hydra
 14868 | Lair:1   | Reached skill level 1 in Ice Magic
 14947 | Lair:1   | Learned a level 1 spell: Apportation
 14949 | Lair:1   | Learned a level 1 spell: Summon Butterflies
 15380 | Lair:2   | Reached skill level 12 in Unarmed Combat
 15468 | Lair:2   | Reached XP level 12. HP: 94/101 MP: 18/18
 15501 | Lair:2   | Reached skill level 1 in Translocations
 15528 | Lair:2   | Found a staircase to the Shoals.
 15644 | Lair:2   | Noticed a six-headed hydra
 15650 | Lair:2   | HP: 52/122 [six-headed hydra (12)]
 15651 | Lair:2   | Killed a six-headed hydra
 15651 | Lair:2   | Reached skill level 5 in Dodging
 15872 | Lair:2   | Got a transparent hunting sling
 15873 | Lair:2   | Identified the +5 hunting sling of Ykhin {velocity, Fragile rElec rPois Dex+8} (You found it on level 2 of the Lair of Beasts)
 16477 | Lair:3   | Received a gift from Okawaru
 16599 | Lair:3   | Reached skill level 1 in Shields
 16704 | Lair:3   | Received a gift from Okawaru
 16902 | Lair:3   | HP: 40/103 [yak (12)]
 16907 | Lair:3   | HP: 41/103 [yak (1)]
 17144 | Lair:3   | Found a staircase to the Snake Pit.
 17491 | Lair:4   | Reached ****** piety under Okawaru
 17607 | Lair:4   | Got an ichor-stained hunting sling
 17624 | Lair:4   | Identified the cursed +2 hunting sling "Olih" {speed, Str+3} (You found it on level 4 of the Lair of Beasts)
 17710 | Lair:4   | Found a shadowy altar of Dithmenos.
 17929 | Lair:4   | Received a gift from Okawaru
 17932 | Lair:4   | Got a blackened short sword {god gift}
 17933 | Lair:4   | Identified the +9 short sword "Xaexep" {protect, Dex+7} (Okawaru gifted it to you on level 4 of the Lair of Beasts)
 18733 | Lair:5   | Reached skill level 5 in Spellcasting
 18734 | Lair:5   | Reached skill level 13 in Unarmed Combat
 18738 | Lair:5   | Learned a level 2 spell: Passwall
 18796 | Lair:5   | Found a staircase to the Slime Pits.
 18801 | Lair:5   | Got a jewelled broad axe
 18802 | Lair:5   | Identified the cursed +1 broad axe "Icakhluro" {venom, *Contam Int+7 SInv} (You found it on level 5 of the Lair of Beasts)
 18825 | Lair:5   | Gained mutation: You are dopey. (Int -2) [mutagenic glow]
 19285 | Lair:5   | Reached XP level 13. HP: 67/111 MP: 15/20
 19436 | Lair:5   | Reached skill level 1 in Stealth
 19657 | Lair:6   | Entered Level 6 of the Lair of Beasts
 19810 | Lair:6   | HP: 51/111 [wind drake/the air (11)]
 19815 | Lair:6   | HP: 34/111 [rime drake/flash freeze (16)]
 19817 | Lair:6   | Received a gift from Okawaru
 19818 | Lair:6   | Found the +2 shield of Resistance {rF+ rC+ MR+}
 20005 | Lair:6   | HP: 52/112 [yak (8)]
 20246 | Lair:6   | HP: 56/113 [poisoned by a sea snake]
 20251 | Lair:6   | HP: 49/113 [poisoned by a sea snake]
 20256 | Lair:6   | HP: 43/113 [poisoned by a sea snake]
 20261 | Lair:6   | HP: 40/113 [poisoned by a sea snake]
 20266 | Lair:6   | HP: 40/113 [poisoned by a sea snake]
 20272 | Lair:6   | HP: 40/113 [poisoned by a sea snake]
 20277 | Lair:6   | HP: 41/113 [poisoned by a sea snake]
 20284 | Lair:6   | HP: 44/113 [poisoned by a sea snake]
 20292 | Lair:6   | HP: 48/113 [poisoned by a sea snake]
 20488 | Lair:6   | Reached skill level 10 in Fighting
 20694 | Lair:6   | Reached skill level 14 in Unarmed Combat
 20726 | Lair:5   | Received a gift from Okawaru
 20736 | Lair:5   | Got a translucent shield {god gift}
 20820 | Lair:5   | Identified the +0 shield of Gin Mul {rPois} (Okawaru gifted it to you on level 5 of the Lair of Beasts)
 20843 | Lair:6   | Reached skill level 10 in Invocations
 20938 | Lair:6   | HP: 54/113 [elephant (9)]
 20946 | Lair:6   | HP: 54/113 [elephant (5)]
 20950 | Lair:6   | Reached skill level 1 in Summonings
 20954 | Lair:6   | HP: 40/113 [polar bear (4)]
 21204 | Lair:6   | Reached XP level 14. HP: 122/122 MP: 15/21
 21302 | Lair:6   | HP: 55/122 [oklob plant/splash of acid (8)]
 21473 | Lair:6   | HP: 54/122 [acid (12)]
 21606 | Lair:6   | HP: 59/122 [acid (12)]
 21607 | Lair:6   | HP: 28/122 [acid (13)]
 21748 | Lair:6   | HP: 59/122 [oklob plant/splash of acid (5)]
 21931 | Lair:6   | HP: 46/122 [acid (16)]
 22871 | D:11     | Noticed kibaces's ghost (journeyman GrBe)
 22901 | D:11     | Killed kibaces's ghost
 23248 | D:11     | Found the +8 orange crystal plate armour {Archmagi, Int+3 Clar}
 23266 | D:11     | HP: 58/122 [meliai/hand axe (11)]
 23269 | D:11     | Received a gift from Okawaru
 23378 | D:11     | Found a staircase to the Orcish Mines.
 23435 | D:11     | Identified a scroll of acquirement
 23435 | D:11     | Identified the Volume of Air and the Traveller (You acquired it on level 11 of the Dungeon)
 23854 | D:12     | Found a frozen archway.
 23886 | D:12     | HP: 57/122 [steam dragon/ball of steam (18)]
 23891 | D:11     | HP: 58/122 [centaur (3)]
 24057 | D:12     | Learned a level 3 spell: Lesser Beckoning
 24128 | IceCv    | Entered an ice cave
 24189 | IceCv    | Reached skill level 5 in Stealth
 24352 | IceCv    | Reached skill level 5 in Translocations
 24494 | IceCv    | Reached skill level 1 in Evocations
 24693 | IceCv    | Noticed a frost giant
 24722 | IceCv    | HP: 51/122 [frost giant/battleaxe of freezing (29)]
 24724 | IceCv    | Killed a frost giant
 25232 | D:12     | HP: 33/122 [??? (30)]
 25614 | D:12     | HP: 62/124 [death knight/enchanted glaive (28)]
 26022 | D:12     | HP: 33/124 [??? (30)]
 26314 | D:12     | Reached skill level 15 in Unarmed Combat
 27031 | Orc:1    | Entered Level 1 of the Orcish Mines
 27203 | Orc:1    | Noticed an orc warlord
 27225 | Orc:1    | HP: 62/124 [orc high priest/divine providence (10)]
 27327 | Orc:2    | Entered Level 2 of the Orcish Mines
 27406 | Orc:2    | Noticed Saint Roka
 27551 | Orc:1    | HP: 44/124 [Saint Roka/long sword of holy wrath (36)]
 27559 | Orc:1    | HP: 37/124 [Saint Roka/divine providence (9)]
 27560 | Orc:1    | Killed Saint Roka
 27560 | Orc:1    | Received a gift from Okawaru
 27560 | Orc:1    | Reached skill level 5 in Shields
 27732 | Orc:1    | Reached XP level 15. HP: 109/130 MP: 24/24
 27751 | Orc:1    | Learned a level 6 spell: Deflect Missiles
 28014 | D:11     | Killed an orc warlord
 28314 | Orc:2    | Noticed Donald
 28330 | Orc:2    | Killed Donald
 28554 | Orc:2    | Noticed Nessos
 28563 | Orc:2    | HP: 62/130 [orc warrior/dire flail (20)]
 28872 | Orc:1    | Found Acupan's Antique Weapon Emporium.
 29111 | Orc:2    | Found a staircase to the Elven Halls.
 29264 | Orc:2    | HP: 54/130 [sun demon[an orc sorcerer] (18)]
 29280 | Orc:2    | HP: 28/130 [orc priest/divine providence (16)]
 29789 | Orc:2    | Reached skill level 1 in Air Magic
 29879 | Orc:2    | Found Buiplum's Food Boutique.
 29879 | Orc:2    | Found Exzuetynt's Food Emporium.
 29881 | Orc:2    | Found Iddang Bays's Antique Armour Boutique.
 29881 | Orc:2    | Found Sosaesch's Weapon Emporium.
 30035 | Orc:2    | Killed Nessos
 30838 | D:13     | Received a gift from Okawaru
 30855 | D:13     | Got a slimy hunting sling {god gift}
 30865 | D:13     | Identified the +8 hunting sling of Impatience {velocity, rElec} (Okawaru gifted it to you on level 13 of the Dungeon)
 31046 | D:13     | HP: 60/132 [meliai/divine providence (13)]
 31051 | D:13     | HP: 38/132 [poisoned by a meliai]
 31056 | D:13     | HP: 36/132 [poisoned by a meliai]
 31061 | D:13     | HP: 36/132 [poisoned by a meliai]
 31067 | D:13     | HP: 37/132 [poisoned by a meliai]
 31073 | D:13     | HP: 40/132 [poisoned by a meliai]
 31081 | D:13     | HP: 43/132 [poisoned by a meliai]
 31866 | D:14     | HP: 64/132 [skeletal warrior/glaive[a skeletal warrior] (18)]
 31872 | D:14     | HP: 22/132 [skeletal warrior/stone[a skeletal warrior] (15)]
 31889 | D:14     | HP: 21/132 [skeletal warrior/halberd (14)]
 32189 | D:14     | Found Zoine's Jewellery Emporium.
 32269 | D:14     | Found a labyrinth entrance.
 32275 | Lab      | Entered a labyrinth
 32337 | Lab      | Received a gift from Okawaru
 32340 | Lab      | Got an ichor-stained hunting sling {god gift}
 32341 | Lab      | Identified the +8 hunting sling of Understanding {venom, Str+6} (Okawaru gifted it to you in a labyrinth)
 32821 | Lab      | Found an exit through the horrors of the Abyss.
 32961 | Lab      | Identified the Disquisition on Lethal Weightlessness
 32964 | Lab      | Reached skill level 16 in Unarmed Combat
 32967 | Lab      | Got a fine buckler
 33008 | D:14     | Identified the +3 buckler of Valour {rC+} (You found it in a labyrinth)
 33217 | D:14     | HP: 65/132 [seven-headed hydra (17)]
 33417 | D:14     | Found a gate to the Vaults.
 33778 | D:15     | Entered Level 15 of the Dungeon
 34239 | D:15     | Reached XP level 16. HP: 126/139 MP: 19/25
 34313 | D:15     | Received a gift from Okawaru
 34313 | D:15     | Reached skill level 1 in Charms
 34445 | D:15     | Found a staircase to the Depths.
 35227 | Snake:1  | Entered Level 1 of the Snake Pit
 35236 | Snake:1  | HP: 56/140 [black mamba (19)]
 35237 | Snake:1  | HP: 27/140 [naga/battleaxe (2)]
 35238 | Snake:1  | HP: 10/140 [black mamba (16)]
 35238 | Snake:1  | HP: 2/140 [black mamba (8)]
 35238 | Snake:1  | Mangled by an anaconda

Vault maps used:
D:1:      grunt_arrival_lava_bath, serial_forest, infiniplex_forest_lined_room_,
          infiniplex_forest_lined_room_2, infiniplex_forest_clump_curved,
          infiniplex_forest_clump_long, infiniplex_forest_clump_cross,
          infiniplex_forest_straight_1, infiniplex_forest_straight_4
D:2:      first_ration, led_sif_pool
D:3:      lemuel_doored_altar, solitary_fountain, grunt_ministairs_8,
          uniq_grinder
D:4:      temple_pool_b, uniq_duvessa
D:5:      amethyst_overflow_temple_binary, uniq_ijyb
D:6:      uniq_prince_ribbit1, uniq_menkaure
D:7:      minmay_the_grid_triangle_9x9_rhombus_full, lemuel_crystal_altar,
          nicolae_overflow_hidden_temple, serial_shops, nicolae_shop_stone,
          nicolae_shop_behind_doors, shop, enter_ossuary_4
D:8:      grunt_livestock
D:9:      nicolae_dithmenos_shadow_blocks, kennysheep_mini_moat,
          due_lair_maze_entry_diamond, kennysheep_generic_room_11
D:11:     orc_0_dummy, hex_medium, hangedman_decor_lopped, minmay_radiant
D:12:     cheibrodos_tormentor_scu, portal_ice_cave_entry_imps
D:13:     minivault_25
D:14:     erik_vaults_2, grunt_decor_arrowhead, serial_shops,
          nicolae_shop_waterfront, lab_entry_generic
D:15:     grunt_enter_depths_magical_seal, roderic_roman_lattice
Temple:   jpeg_temple_clearing
Lair:2:   elwin_shoals_entry_rooms
Lair:3:   minmay_snake_entry_guardpost_medium
Lair:4:   basic_altar, eino_small_chamber_without_monster, serial_bayou_shore_a,
          grunt_megastairs_3
Lair:5:   slime_dummy
Lair:6:   gammafunk_lair_ancient_temple, minmay_lair_oklob_chamber
Snake:1:  serial_shops, nicolae_shop_temple_entry_statues_fountains
Orc:1:    serial_shops, nicolae_shop_behind_doors, elf_legates
Orc:2:    grunt_orc_tribal_feast, nicolae_orc_stony_grotto, uniq_nessos,
          uniq_donald, uniq_saint_roka
Lab:      nicolae_lab_t_cross, lab_hedge, labyrinth_fake_exit,
          labyrinth_lava_lair, nicolae_lab_starburst
Ossuary:  ossuary_due_small_catacomb
IceCv:    ice_cave_caverns_03

Skill      XL: |  1  2  3  4  5  6  7  8  9 10 11 12 13 14 15 16 |
---------------+-------------------------------------------------+-----
Unarmed Combat | 4 5 6 7 8 9 11 12 13 14 15 16 | 16.3
Transmutations | 3 4 5 7 9 10 | 10.0
Dodging        | 2 3 4 5 6 8 9 |  9.2
Fighting       | 2 3 4 5 7 8 9 10 11 12 | 12.3
Invocations    | 1 2 4 5 6 7 9 10 | 10.0
Spellcasting   | 3 4 5 6 |  6.0
Ice Magic      | 1 2 |  2.0
Translocations | 3 4 5 |  5.0
Shields        | 3 4 5 6 7 |  7.3
Stealth        | 4 5 7 |  7.0
Summonings     | 1 2 |  2.0
Evocations     | 3 4 |  4.0
Air Magic      | 3 4 |  4.3
Charms         | 1 |  1.7

Action                   |  1- 3 |  4- 6 |  7- 9 | 10-12 | 13-15 | 16-18 || total
-------------------------+-------+-------+-------+-------+-------+-------++-------
Melee: Unarmed           |    74 |   165 |   354 |   644 |  1209 |    82 ||  2528
       Tailslap          |     6 |    13 |    30 |    83 |   143 |     6 ||   281
       Kick              |     1 |       |       |       |       |       ||     1
       Punch             |     2 |     1 |     8 |    31 |    41 |     5 ||    88
       Headbutt          |       |     5 |       |       |       |       ||     5
Throw: Throwing net      |       |       |       |     2 |       |       ||     2
 Cast: Beastly Appendage |     9 |     2 |       |       |       |       ||    11
       Sticks to Snakes  |       |     2 |       |       |       |       ||     2
       Spider Form       |       |    11 |     8 |       |     1 |       ||    20
       Blade Hands       |       |       |       |    15 |    88 |     8 ||   111
       Ice Form          |       |       |       |     2 |     4 |       ||     6
       Apportation       |       |       |       |       |     9 |       ||     9
       Summon Butterflie |       |       |       |       |     1 |       ||     1
Invok: Heroism           |       |       |     3 |     2 |    13 |       ||    18
       Finesse           |       |       |       |       |     3 |       ||     3
 Abil: Breathe Fire      |       |       |    23 |    50 |    53 |     2 ||   128
       End Transformatio |       |       |       |       |     1 |       ||     1
  Use: Scroll            |     4 |     9 |    12 |     6 |    11 |     1 ||    43
       Potion            |     1 |       |       |       |     1 |       ||     2
 Stab: Sleeping          |       |       |       |     3 |     9 |     1 ||    13
       Held in net/web   |       |       |       |     1 |       |       ||     1
       Distracted        |       |       |       |       |     2 |       ||     2
  Eat: Chunk             |       |     8 |    16 |    44 |    63 |     6 ||   137
       Ration            |       |     1 |     3 |     1 |     7 |       ||    12
Armor: Skin              |    29 |    41 |    94 |   227 |   342 |    44 ||   777
Dodge: Dodged            |    51 |    98 |   184 |   371 |   761 |    93 ||  1558
Block: Buckler           |       |       |       |    12 |   114 |    13 ||   139

Table legend:
 A = Spawn XP
 B = Non-spawn XP
 C = Spawn XP percentage of total XP
 D = Spawn monster count
 E = Non-spawn monster count
 F = Spawn count percentage of total count
 G = Total turns spent on level
                    A         B        C        D         E        F      G
               +---------+---------+-------+---------+---------+-------+---------
         Total |       0 |  168230 |   0.0 |       0 |     787 |   0.0 | 35238
               +---------+---------+-------+---------+---------+-------+---------
           D:1 |       0 |      36 |   0.0 |       0 |      23 |   0.0 |  1004
           D:2 |       0 |     132 |   0.0 |       0 |      17 |   0.0 |  1004
           D:3 |       0 |     362 |   0.0 |       0 |      22 |   0.0 |  1179
           D:4 |       0 |     668 |   0.0 |       0 |      14 |   0.0 |  1447
           D:5 |       0 |     744 |   0.0 |       0 |      14 |   0.0 |  1788
           D:6 |       0 |    1099 |   0.0 |       0 |      20 |   0.0 |  1135
           D:7 |       0 |    2872 |   0.0 |       0 |      33 |   0.0 |  1663
           D:8 |       0 |    2589 |   0.0 |       0 |      14 |   0.0 |  1291
           D:9 |       0 |    5555 |   0.0 |       0 |      41 |   0.0 |  1858
          D:10 |       0 |    2256 |   0.0 |       0 |      27 |   0.0 |  1302
          D:11 |       0 |    9430 |   0.0 |       0 |      39 |   0.0 |  1635
          D:12 |       0 |    7880 |   0.0 |       0 |      46 |   0.0 |  1872
          D:13 |       0 |    8624 |   0.0 |       0 |      42 |   0.0 |  1451
          D:14 |       0 |   15405 |   0.0 |       0 |      24 |   0.0 |  1126
          D:15 |       0 |   20112 |   0.0 |       0 |      46 |   0.0 |  1284
        Lair:1 |       0 |    3728 |   0.0 |       0 |      17 |   0.0 |  1092
        Lair:2 |       0 |    4554 |   0.0 |       0 |      18 |   0.0 |  1161
        Lair:3 |       0 |    5368 |   0.0 |       0 |      27 |   0.0 |  1062
        Lair:4 |       0 |    2733 |   0.0 |       0 |      15 |   0.0 |  1038
        Lair:5 |       0 |    6399 |   0.0 |       0 |      28 |   0.0 |  1308
        Lair:6 |       0 |   27556 |   0.0 |       0 |      78 |   0.0 |  2687
         Orc:1 |       0 |   13726 |   0.0 |       0 |      43 |   0.0 |  1393
         Orc:2 |       0 |   13667 |   0.0 |       0 |      66 |   0.0 |  1941
           Lab |       0 |    1808 |   0.0 |       0 |       4 |   0.0 |   715
       Ossuary |       0 |     220 |   0.0 |       0 |      30 |   0.0 |   612
         IceCv |       0 |   10707 |   0.0 |       0 |      39 |   0.0 |  1062
               +---------+---------+-------+---------+---------+-------+---------

Vault maps used:
D:1:      grunt_arrival_lava_bath, serial_forest, infiniplex_forest_lined_room_,
          infiniplex_forest_lined_room_2, infiniplex_forest_clump_curved,
          infiniplex_forest_clump_long, infiniplex_forest_clump_cross,
          infiniplex_forest_straight_1, infiniplex_forest_straight_4
D:2:      first_ration, led_sif_pool
D:3:      lemuel_doored_altar, solitary_fountain, grunt_ministairs_8,
          uniq_grinder
D:4:      temple_pool_b, uniq_duvessa
D:5:      amethyst_overflow_temple_binary, uniq_ijyb
D:6:      uniq_prince_ribbit1, uniq_menkaure
D:7:      minmay_the_grid_triangle_9x9_rhombus_full, lemuel_crystal_altar,
          nicolae_overflow_hidden_temple, serial_shops, nicolae_shop_stone,
          nicolae_shop_behind_doors, shop, enter_ossuary_4
D:8:      grunt_livestock
D:9:      nicolae_dithmenos_shadow_blocks, kennysheep_mini_moat,
          due_lair_maze_entry_diamond, kennysheep_generic_room_11
D:11:     orc_0_dummy, hex_medium, hangedman_decor_lopped, minmay_radiant
D:12:     cheibrodos_tormentor_scu, portal_ice_cave_entry_imps
D:13:     minivault_25
D:14:     erik_vaults_2, grunt_decor_arrowhead, serial_shops,
          nicolae_shop_waterfront, lab_entry_generic
D:15:     grunt_enter_depths_magical_seal, roderic_roman_lattice
Temple:   jpeg_temple_clearing
Lair:2:   elwin_shoals_entry_rooms
Lair:3:   minmay_snake_entry_guardpost_medium
Lair:4:   basic_altar, eino_small_chamber_without_monster, serial_bayou_shore_a,
          grunt_megastairs_3
Lair:5:   slime_dummy
Lair:6:   gammafunk_lair_ancient_temple, minmay_lair_oklob_chamber
Snake:1:  serial_shops, nicolae_shop_temple_entry_statues_fountains
Orc:1:    serial_shops, nicolae_shop_behind_doors, elf_legates
Orc:2:    grunt_orc_tribal_feast, nicolae_orc_stony_grotto, uniq_nessos,
          uniq_donald, uniq_saint_roka
Lab:      nicolae_lab_t_cross, lab_hedge, labyrinth_fake_exit,
          labyrinth_lava_lair, nicolae_lab_starburst
Ossuary:  ossuary_due_small_catacomb
IceCv:    ice_cave_caverns_03
